 Dungeon Sprint DCSS version 0.26-a0-346-g33516b1736 (webtiles) character file.

Game seed: 11091645959098884439

3900000 Misa the Invulnerable (level 27, -34/199 HPs)
             Began as a Gargoyle Berserker on July 17, 2020.
             Was the Champion of Trog.
             Annihilated by The Servant
             ... wielding a +9 glaive of flaming
              (48 damage)
             ... in the Dungeon (Sprint VIII: "Arena of Blood").
             The game lasted 00:01:55 (39 turns).

Misa the Invulnerable (Gargoyle Berserker)            Turns: 39, Time: 00:01:55

Health: -34/199    AC: 25    Str: 29    XL:     27
Magic:  23/23      EV: 28    Int: 10    God:    Trog [******]
Gold:   0          SH:  0    Dex: 12    Spells: 26/26 levels left

rFire    . . .     SeeInvis .   i - +∞ Axe of Woe
rCold    . . .     Faith    .   (shield currently unavailable)
rNeg     + . .     Spirit   .   b - +0 animal skin
rPois    ∞         Reflect  .   (no helmet)
rElec    +         Harm     .   (no cloak)
rCorr    .         NoTele   +   (no gloves)
MR       ++...                  (no boots)
Stlth    +++++++++.             (no amulet)
HPRegen  0.43/turn              (no ring)
MPRegen  0.18/turn              (no ring)

@: no status effects
A: big wings, negative energy resistance 1, electricity resistance, unbreathing,
petrification resistance, rot immunity, AC +20
a: Fly, Berserk, Trog's Hand, Brothers in Arms, Renounce Religion


You were in the Dungeon.
You worshipped Trog.
Trog was exalted by your worship.
You visited 1 branch

Inventory:

Hand Weapons
 a - a +0 hand axe
 i - the +∞ Axe of Woe (weapon)
   (You found it in the Dungeon)
Armour
 b - a +0 animal skin (worn)
Scrolls
 h - a scroll of blinking
Potions
 c - a potion of curing
 d - a potion of heal wounds
 e - a potion of haste
 f - 2 potions of magic
 g - a potion of berserk rage


   Skills:
 O Level 27 Fighting
 O Level 27 Axes
 O Level 27 Throwing
 O Level 27 Armour
 O Level 27 Dodging
 O Level 27 Stealth
 O Level 27 Unarmed Combat


You had 26 spell levels left.
You didn't know any spells.
Your spell library was empty.

Dungeon Overview and Level Annotations

Branches:
Dungeon (1/1)

Altars:
Makhleb

Annotations:
D The Servant


Innate Abilities, Weirdness & Mutations

You are resistant to torment.
Your stone body is resilient. (AC +20)
You are immune to poison.
Your large and strong wings let you fly indefinitely.
You resist negative energy. (rN+)
You are resistant to electric shocks. (rElec)
You can survive without breathing.
You are immune to petrification.
You are immune to rotting.


Message History

You hear a shout!
A bag of meat comes into view. It is wielding a +9 war axe.
A sculptor of flesh comes into view. It is wielding a +9 great sword.
A bag of meat comes into view. It is wielding a +9 war axe.
You hear a shout! x3
Unknown command.
You slash the bag of meat!
You dissect the bag of meat like a pig carcass.
You kill the bag of meat!
Trog accepts your kill.
You are engulfed in blazing flames.
* * * LOW HITPOINT WARNING * * *
You hear a shout!
The large bag of meat is engulfed in blazing flames.
Some corpses begin to drag themselves along the ground!
Some corpses meld into agglomerations of writhing flesh!
You hear a shout!
A destroyer comes into view. It is wielding a +9 vorpal great sword.
The Servant hits you from afar with a +9 glaive of flaming!!!
You die...

#. ..# #.V. #...
..# . o...###O..
..###O.
..O..oo.o###.......
.#.oO....._))......
....°.o#O.)))# .
.....O.#_.o)_# ...
....oxx#x@xx)#z....
#...ox@○xx))......
...z.o)§o###)......
..o.###.ox..§.###..
..D #..oo...# . .
#o..o...#
..........
...........
......§....
o..........#


You could see The Servant, an eight-headed meat hydra, a destroyer, 2 sculptors
of flesh, 2 large bags of meat, 2 meat berserkers, 5 small abominations, 17 bags
of meat and 4 crawling corpses.

Vanquished Creatures
  6 vampire knights (D)
  17 ogres (D)
  A two-headed ogre (D)
  21 orcs (D)
45 creatures vanquished.

Notes
Turn   | Place    | Note
-------+----------+-------------------------------------------
     0 | D        | Found the +∞ Axe of Woe
     0 | D        | Misa the Gargoyle Berserker began the quest for the Orb.
     0 | D        | Reached XP level 1. HP: 14/14 MP: 1/1
     1 | D        | Noticed a bag of meat
     2 | D        | Noticed a meat berserker
     3 | D        | Noticed a bag of meat
     3 | D        | Noticed a bag of meat
     4 | D        | Killed a meat berserker
     4 | D        | Reached skill level 15 in Axes
     4 | D        | Reached XP level 2. HP: 38/38 MP: 2/2
     4 | D        | Reached XP level 3. HP: 43/43 MP: 3/3
     4 | D        | Reached XP level 4. HP: 49/49 MP: 4/4
     4 | D        | Reached XP level 5. HP: 54/54 MP: 5/5
     4 | D        | Reached XP level 6. HP: 60/60 MP: 6/6
     4 | D        | Reached XP level 7. HP: 65/65 MP: 7/7
     4 | D        | Reached XP level 8. HP: 71/71 MP: 8/8
     4 | D        | Reached XP level 9. HP: 76/76 MP: 9/9
     4 | D        | Reached XP level 10. HP: 82/82 MP: 10/10
     4 | D        | Reached XP level 11. HP: 87/87 MP: 11/11
     4 | D        | Reached XP level 12. HP: 92/92 MP: 12/12
     4 | D        | Reached XP level 13. HP: 97/97 MP: 13/13
     4 | D        | Noticed a meat berserker
     4 | D        | Noticed a bag of meat
     5 | D        | Noticed a meat berserker
     7 | D        | Killed a bag of meat
     7 | D        | Reached ** piety under Trog
     7 | D        | Reached skill level 15 in Dodging
     7 | D        | Gained mutation: Your large and strong wings let you fly
                  | indefinitely. [Gargoyle growth]
     7 | D        | Reached XP level 14. HP: 107/107 MP: 14/14
     7 | D        | Noticed a bag of meat
     9 | D        | Killed a meat berserker
     9 | D        | Reached XP level 15. HP: 71/116 MP: 15/15
     9 | D        | Noticed a meat berserker
     9 | D        | Noticed a meat berserker
     9 | D        | Noticed a meat berserker
    10 | D        | Killed a meat berserker
    10 | D        | Reached *** piety under Trog
    10 | D        | Reached XP level 16. HP: 50/128 MP: 16/16
    11 | D        | Killed a meat berserker
    11 | D        | Reached XP level 17. HP: 54/138 MP: 17/17
    12 | D        | Reached skill level 27 in Fighting
    12 | D        | Reached skill level 27 in Armour
    12 | D        | Noticed a meat berserker
    13 | D        | Noticed a meat berserker
    13 | D        | Noticed a meat berserker
    14 | D        | Killed a meat berserker
    14 | D        | Reached **** piety under Trog
    14 | D        | Reached XP level 18. HP: 58/145 MP: 18/18
    14 | D        | Noticed a meat berserker
    15 | D        | Killed a meat berserker
    15 | D        | Reached skill level 27 in Axes
    15 | D        | Reached skill level 27 in Dodging
    15 | D        | Reached skill level 5 in Unarmed Combat
    15 | D        | Noticed a meat berserker
    18 | D        | Killed a meat berserker
    18 | D        | Reached skill level 15 in Stealth
    18 | D        | Reached XP level 19. HP: 61/151 MP: 19/19
    18 | D        | Reached skill level 15 in Unarmed Combat
    19 | D        | Killed a meat berserker
    19 | D        | Reached ***** piety under Trog
    19 | D        | Reached XP level 20. HP: 64/157 MP: 20/20
    20 | D        | Noticed a meat berserker
    20 | D        | Noticed a destroyer
    21 | D        | Killed a meat berserker
    21 | D        | Noticed a meat berserker
    22 | D        | Killed a meat berserker
    22 | D        | Received a gift from Trog
    22 | D        | Reached skill level 27 in Stealth
    22 | D        | Reached XP level 21. HP: 67/163 MP: 21/21
    23 | D        | Killed a destroyer
    23 | D        | Reached skill level 27 in Throwing
    23 | D        | Reached skill level 27 in Unarmed Combat
    24 | D        | Noticed a meat berserker
    25 | D        | Killed a meat berserker
    25 | D        | Reached XP level 22. HP: 43/169 MP: 22/22
    27 | D        | Noticed a large bag of meat
    28 | D        | Noticed a destroyer
    28 | D        | Noticed a large bag of meat
    28 | D        | Noticed a destroyer
    29 | D        | Killed a destroyer
    29 | D        | Reached ****** piety under Trog
    29 | D        | Reached XP level 23. HP: 46/175 MP: 23/23
    30 | D        | Received a gift from Trog
    30 | D        | Noticed The Servant
    32 | D        | Noticed a large bag of meat
    32 | D        | Noticed a destroyer
    32 | D        | Killed a destroyer
    32 | D        | Reached XP level 24. HP: 48/181 MP: 23/23
    32 | D        | Killed a destroyer
    33 | D        | Received a gift from Trog
    33 | D        | Reached XP level 25. HP: 50/187 MP: 23/23
    33 | D        | Noticed a destroyer
    34 | D        | Noticed a destroyer
    36 | D        | Killed a destroyer
    36 | D        | Received a gift from Trog
    36 | D        | Reached XP level 26. HP: 53/193 MP: 23/23
    36 | D        | Killed a destroyer
    37 | D        | Received a gift from Trog
    37 | D        | Reached XP level 27. HP: 54/199 MP: 23/23
    38 | D        | Killed a large bag of meat
    39 | D        | Noticed a destroyer
    39 | D        | Annihilated by The Servant

Illustrated notes

Levels and vault maps discovered:
D:        meatsprint

Skill      XL: |  1  2  3  4  5  6  7  8  9 10 11 12 13 14 15 16 17 18 19 20 21 |
---------------+----------------------------------------------------------------+-----
Fighting       | 18 19 21 24 26 27 | 27.0
Axes           | 15 17 19 21 23 26 27 | 27.0
Armour         | 18 19 21 24 26 27 | 27.0
Dodging        | 14 15 17 19 21 24 27 | 27.0
Throwing       | 12 17 22 27 | 27.0
Stealth        | 15 21 27 | 27.0
Unarmed Combat | 13 18 24 27 | 27.0

Action                   |  1- 3 |  4- 6 |  7- 9 | 10-12 | 13-15 | 16-18 | 19-21 | 22-24 | 25-27 || total
-------------------------+-------+-------+-------+-------+-------+-------+-------+-------+-------++-------
Melee: Executioner's axe |     1 |       |       |       |     3 |     5 |     5 |     5 |     6 ||    25
 Stab: Distracted        |       |       |       |       |       |       |       |     1 |       ||     1

Table legend:
 A = Non-vault XP
 B = Vault XP
 C = Vault XP percentage of total XP
 D = Non-vault monster count
 E = Vault monster count
 F = Vault count percentage of total count
                 A         B        C        D         E       F
            +---------+---------+-------+---------+---------+-------
      Total |  860549 |  528880 |  38.1 |      22 |      23 |  51.1
            +---------+---------+-------+---------+---------+-------
          D |  860549 |  528880 |  38.1 |      22 |      23 |  51.1
            +---------+---------+-------+---------+---------+-------
